AoeStats
← bthi68153

Black Forest

510340296Analyzed
4v4 RM · 1d ago on Sep 30, 2026· 43m 16s· 8 players
Game mode
Random Map
Map size
Large (8 player)
Population
200
Speed
Normal
Resources
Standard
Victory
Conquest
Starting age
Dark Age
Ending age
Imperial Age
RankedLock teamsTeams togetherTeam positionsShared explorationLock speedFull tech treeHidden civsTurbo modeCheats
Victory
Defeat
🇻🇳 Shu · Vietnam
1231
+12
🇻🇳 Teutons · Vietnam
1208
+13
🇻🇳 Franks · Vietnam
1092
+18
🇹🇼 Vikings · Taiwan
1069
+18
🇹🇷 Khmer · Türkiye
1167
-17
🇨🇿 Armenians · Czechia
1164
-16
🇮🇳 Vikings · India
1116
-15
🇫🇮 Saxons · Finland
1081
-13
Gilgamesh43499
1:23 Loom
12:34 Feudal Age
13:04 Double-Bit Axe
13:06 Horse Collar
15:20 Man-at-Arms
28:56 Castle Age
namrskal
6:09 Loom
10:22 Feudal Age
10:49 Feudal Age
12:22 Double-Bit Axe
15:30 Castle Age
13:23 Gold Mining
16:47 Bow Saw
20:47 Scale Barding Armor
21:47 Fervor
22:00 Sanctity
21:55 Forging
24:33 Bloodlines
24:54 Scale Mail Armor
26:54 Horse Collar
29:58 Wheelbarrow
30:03 Fletching
30:13 Padded Archer Armor
34:22 Imperial Age
31:50 Bodkin Arrow
31:24 Pikeman
32:25 Man-at-Arms
32:54 Town Watch
35:02 Leather Archer Armor
35:03 Chain Mail Armor
34:14 Long Swordsman
34:39 Gambesons
35:19 Squires
34:40 Halberdier
35:50 Conscription
36:20 Fereters
35:40 Two-Handed Swordsman
37:48 Plate Mail Armor
_FreeZon3_
0:34 Loom
10:43 Feudal Age
11:11 Double-Bit Axe
11:28 Horse Collar
15:38 Wheelbarrow
17:49 Castle Age
25:43 Wheelbarrow
29:38 Husbandry
Matti
1:00 Loom
11:43 Feudal Age
13:04 Double-Bit Axe
14:01 Town Watch
14:52 Horse Collar
17:14 Castle Age
16:02 Stone Mining
25:29 Bow Saw
28:19 Bloodlines
28:09 Husbandry
29:51 Scale Barding Armor
29:57 Forging
31:19 Wheelbarrow
30:48 Town Patrol
31:26 Wheelbarrow
32:39 Hand Cart
33:09 Scale Mail Armor
32:59 Pikeman
33:42 Squires
k00144
2:17 Loom
11:56 Feudal Age
12:28 Double-Bit Axe
15:49 Forging
15:32 Fletching
17:40 Horse Collar
22:50 Castle Age
22:00 Gold Mining
23:45 Stone Mining
24:20 Bow Saw
24:11 Heavy Plow
24:01 Town Watch
31:49 Scale Mail Armor
35:08 Imperial Age
35:13 Elite Varangian Guard
35:54 Squires
36:12 Chain Mail Armor
36:07 Forging
36:50 Chieftains
37:11 Conscription
37:26 Plate Mail Armor
37:51 Capped Ram
39:28 Iron Casting
43:28 Blast Furnace
42:18 Arson
Arch1tect
0:46 Loom
9:52 Feudal Age
14:23 Castle Age
23:29 Scale Barding Armor
lequochuypy96
11:33 Feudal Age
12:42 Double-Bit Axe
13:10 Horse Collar
15:46 Castle Age
13:47 Gold Mining
15:18 Wheelbarrow
17:01 Bow Saw
17:17 Heavy Plow
23:15 Hand Cart
30:05 Imperial Age
27:26 Loom
27:47 Stone Mining
28:44 Caravan
30:01 Forging
29:57 Scale Barding Armor
30:09 Bloodlines
29:23 Pikeman
30:04 Squires
29:49 Arson
30:47 Stone Shaft Mining
30:50 Masonry
30:12 Cavalier
31:39 Iron Casting
31:41 Crop Rotation
32:14 Two-Man Saw
31:59 Chain Barding Armor
32:17 Coinage
32:33 Paladin
34:00 Banking
34:37 Blast Furnace
34:10 Guilds
36:19 Conscription
36:23 Crenellations
36:38 Hoardings
37:08 Chemistry
36:14 Siege Engineers
36:46 Plate Barding Armor
37:50 Fletching
40:17 Elite Teutonic Knight
41:31 Ironclad
43:07 Scale Mail Armor
bthi68153
2:05 Loom
11:33 Feudal Age
16:28 Castle Age
15:00 Double-Bit Axe
15:35 Gold Mining
23:39 Forging
25:33 Scale Barding Armor
25:07 Pikeman
31:16 Iron Casting
38:42 Imperial Age
36:54 Chain Barding Armor
38:51 Cavalier
41:14 Blast Furnace
41:21 Plate Barding Armor
Connection lost

Rejoining the realm…

Still unreachable

The connection could not be restored.

Session expired

The server has moved on; the page needs a fresh start.